 Dungeon Crawl Stone Soup version 0.22-a0-567-gff9aefc (webtiles) character file.

64 Ijustatesigmund the Skirmisher (level 4, -7/29 HPs)
             Began as a Gargoyle Fighter on June 29, 2018.
             Mangled by an ogre
             ... wielding a +0 giant club
              (21 damage)
             ... on level 2 of the Dungeon.
             The game lasted 00:01:41 (964 turns).

Ijustatesigmund the Skirmisher (Gargoyle Fighter)    Turns: 964, Time: 00:01:42

Health: -7/29      AC: 10    Str: 25    XL:     4   Next: 12%
Magic:  4/4        EV:  7    Int:  8    God:
Gold:   102        SH: 10    Dex: 10    Spells: 3/3 levels left

rFire    . . .     SeeInvis .   a - +0 flail
rCold    . . .     Gourm    .   c - +1 shield
rNeg     + . .     Faith    .   b - +0 scale mail
rPois    ∞         Spirit   .   (no helmet)
rElec    +         Reflect  .   (no cloak)
rCorr    .         Harm     .   (no gloves)
MR       .....                  (no boots)
Stlth    ..........             (no amulet)
HPRegen  0.09/turn              (no ring)
MPRegen  0.09/turn              (no ring)

@: mighty
A: negative energy resistance 1, electricity resistance, unbreathing,
petrification resistance, rot immunity, AC +3
a: no special abilities


You were on level 2 of the Dungeon.
You were not hungry.

You visited 1 branch of the dungeon, and saw 2 of its levels.

You collected 102 gold pieces.

Inventory:

Hand Weapons
 a - a +0 flail (weapon)
Armour
 b - a +0 scale mail (worn)
 c - a +1 shield (worn)
Scrolls
 g - 3 scrolls of identify
 i - a scroll of fog {unknown}
 k - a scroll of fear {unknown}
Potions
 e - a potion of lignification
 h - a potion of curing
 j - a potion of heal wounds {unknown}
Comestibles
 f - 5 rations


   Skills:
 + Level 4.0 Fighting
 * Level 3.7 Maces & Flails
 - Level 3.2 Armour
 - Level 3.2 Shields


You had 3 spell levels left.
You didn't know any spells.
Your spell library was empty.

Dungeon Overview and Level Annotations

Branches:
Dungeon (2/15)

Altars:


Innate Abilities, Weirdness & Mutations

You are resistant to torment.
Your stone body is resilient. (AC +3)
You are immune to poison.
You resist negative energy. (rN+)
You are resistant to electric shocks. (rElec)
You can survive without breathing.
You are immune to petrification.
You are immune to rotting.


Message History

You block the ogre's attack.
You hit the ogre.
The ogre is moderately wounded.
You block the ogre's attack.
You barely miss the ogre.
The ogre is moderately wounded.
The ogre hits you with a giant club!
You are too injured to fight recklessly!
You are too injured to fight recklessly!
You are too injured to fight recklessly!
You are too injured to fight recklessly!
You are too injured to fight recklessly!
You are too injured to fight recklessly!
You are too injured to fight recklessly!
You are too injured to fight recklessly!
You are too injured to fight recklessly!
You feel very mighty all of a sudden. The ogre hits you with a giant club!!
Ouch! That really hurt!
You die...

###########.#
.........#. .........
....... ..... ...
################.#
..............##@#
..............##O#
..............##.#.#.##
.....######........S.?..
..........+.............
.....######.............
.....########.##+#......
............... .#.###
.....########.## .#...


You could see an ogre.

Vanquished Creatures
  3 adders (D:2)
  2 leopard geckos (D:1)
  2 ball pythons
  4 bats (D:1)
  3 goblins (D:1)
  6 hobgoblins
  3 jackals (D:1)
  5 kobolds
  3 frilled lizards
  2 rats (D:1)
33 creatures vanquished.

Notes
Turn   | Place    | Note
-------+----------+-------------------------------------------
     0 | D:1      | Ijustatesigmund the Gargoyle Fighter began the quest for the Orb.
     0 | D:1      | Reached XP level 1. HP: 14/14 MP: 1/1
   140 | D:1      | Reached XP level 2. HP: 16/19 MP: 2/2
   406 | D:1      | Reached XP level 3. HP: 23/24 MP: 3/3
   904 | D:2      | Reached skill level 4 in Fighting
   943 | D:2      | Reached XP level 4. HP: 28/29 MP: 4/4
   951 | D:2      | Noticed an ogre
   964 | D:2      | Mangled by an ogre

Vault maps used:
D:1:      scummos_arrival_forest, minmay_split_cup_large
D:2:      old_standard_altar

Skill      XL: |  1  2  3 |
---------------+----------+-----
Maces & Flails | 3 |  3.7
Fighting       | 4 |  4.0
Armour         | |  3.2
Shields        | |  3.2

Action                   |  1- 3 |  4- 6 || total
-------------------------+-------+-------++-------
Melee: Flail             |   165 |     7 ||   172
  Use: Scroll            |     4 |       ||     4
       Potion            |       |     1 ||     1
  Eat: Chunk             |       |     1 ||     1
Armor: Scale mail        |    91 |     1 ||    92
Dodge: Dodged            |    66 |     1 ||    67
Block: Shield            |   110 |     4 ||   114

Table legend:
 A = Spawn XP
 B = Non-spawn XP
 C = Spawn XP percentage of total XP
 D = Spawn monster count
 E = Non-spawn monster count
 F = Spawn count percentage of total count
 G = Total turns spent on level
                    A         B        C        D         E        F      G
               +---------+---------+-------+---------+---------+-------+---------
         Total |       0 |      92 |   0.0 |       0 |      33 |   0.0 |   964
               +---------+---------+-------+---------+---------+-------+---------
           D:1 |       0 |      45 |   0.0 |       0 |      25 |   0.0 |   694
           D:2 |       0 |      47 |   0.0 |       0 |       8 |   0.0 |   270
               +---------+---------+-------+---------+---------+-------+---------
